 Dungeon Crawl Stone Soup version 0.29-a0-283-ga02f740833 (webtiles) character file.

Game seed: 17161875398634747503

93 Dabor the Covered (level 4, 0/29 HPs)
             Began as a Gargoyle Fighter on Mar 13, 2022.
             Slain by an iguana (8 damage)
             ... on level 3 of the Dungeon.
             The game lasted 00:01:41 (1724 turns).

Dabor the Covered (Gargoyle Fighter)                Turns: 1724, Time: 00:01:42

Health: 0/29       AC: 13    Str: 22    XL:     4   Next: 61%
Magic:  4/4        EV:  9    Int:  8    God:
Gold:   158        SH:  4    Dex:  9    Spells: 3/3 levels left

rFire   . . .      SeeInvis .   a - +0 flail
rCold   . . .      Faith    .   c - +0 buckler
rNeg    + . .      Spirit   .   b - +0 scale mail
rPois   ∞          Reflect  .   m - +0 helmet
rElec   +          Harm     .   (no cloak)
rCorr   .          Rampage  .   e - +0 pair of gloves
Will    .....                   (no boots)
Stlth   ..........              (no amulet)
HPRegen 0.09/turn               (no ring)
MPRegen 0.09/turn               (no ring)

@: mighty
A: sickness immunity, AC +3, negative energy resistance 1, electricity
resistance, torment resistance 1, petrification resistance
a: no special abilities


You were on level 3 of the Dungeon.
You visited 1 branch of the dungeon, and saw 3 of its levels.

You collected 158 gold pieces.

Inventory:

Hand Weapons
 a - a +0 flail (weapon)
Missiles
 h - a throwing net (quivered)
Armour
 b - a +0 scale mail (worn)
 c - a +0 buckler (worn)
 e - a +0 pair of gloves (worn)
 m - a +0 helmet (worn)
Jewellery
 o - a ring of protection from cold
Scrolls
 f - 2 scrolls of identify {unknown}
 l - a scroll of summoning {unknown}
 n - a scroll of torment {unknown}
 p - a scroll of teleportation {unknown}
 r - a scroll of amnesia {unknown}
Potions
 j - a potion of lignification {unknown}
 k - a potion of brilliance {unknown}
 q - a potion of magic {unknown}


   Skills:
 + Level 4.0 Fighting
 + Level 2.9 Maces & Flails
 + Level 4.0 Armour
 + Level 4.0 Shields


You had 3 spell levels left.
You didn't know any spells.
Your spell library contained the following spells:

 Spells                   Type           Power      Damage    Failure   Level
 Scorch                   Fire           0%         2d5       91%         2
 Gell's Gravitas          Tloc           0%         N/A       99%         3
 Teleport Other           Tloc           0%         N/A       99%         3
 Flame Wave               Conj/Fire      0%         2d4       100%        4
 Passage of Golubria      Tloc           0%         N/A       100%        4
 Silence                  Hex/Air        0%         N/A       100%        5
 Dispersal                Tloc           0%         N/A       100%        6
 Summon Cactus Giant      Summ           0%         N/A       100%        6
 Lehudib's Crystal Spear  Conj/Erth      0%         10d2      100%        8


Dungeon Overview and Level Annotations

Branches:
Dungeon (3/15)

Altars:


Innate Abilities, Weirdness & Mutations

You are immune to sickness and miasma.
Your stone body is resilient. (AC +3)
You are immune to poison.
You resist negative energy. (rN+)
You are resistant to electric shocks. (rElec)
You are resistant to unholy torment.
You are immune to petrification.


Message History

The gnoll hits you with a +0 spear.
You barely miss the gnoll. The gnoll hits you but does no damage.
You closely miss the gnoll. The gnoll hits you but does no damage.
You thump the gnoll!
You kill the gnoll!
The gnoll throws a throwing net.
The throwing net hits you.
You become entangled in the net!
The gnoll barely misses you.
You are held in a net!
You are held in a net!
You are held in a net!
You are held in a net!
You struggle against the net.
The gnoll hits you with a +0 flail.
You struggle against the net.
The gnoll hits you with a +0 flail!
You struggle against the net.
The gnoll barely misses you.
You shred the net and break free! The gnoll closely misses you.
You sock the gnoll!
You kill the gnoll!
Your Armour skill increases to level 4!
Your Shields skill increases to level 4!
You thump the gnoll!
The gnoll is severely wounded.
The gnoll completely misses you.
You closely miss the gnoll.
The gnoll is severely wounded.
The gnoll hits you but does no damage.
You barely miss the gnoll.
The gnoll is severely wounded.
You block the gnoll's attack. The gnoll barely misses you.
You sock the gnoll!
You kill the gnoll!
Your Fighting skill increases to level 4!
Items here: ))) ††.
An iguana comes into view.
The iguana hisses angrily.
The iguana attacks as you move away! The iguana bites you!
* * * LOW HITPOINT WARNING * * *
You sock the iguana!
The iguana is heavily wounded.
The iguana bites you!
You die...

### ##### #.. #...#
#.# #.#@### #.#
#..l..# #.###
###.#.# #.#.##
...#.# #.'8.##
##..#.##### #.#...#+
...#.....# #.##...+
#########.###..##...
........).....##.8
#######.#####..##.


You could see an iguana.

Vanquished Creatures
  4 gnolls
  An adder (D:2)
  An orc (D:2)
  3 ball pythons
  6 endoplasms
  3 giant cockroaches (D:2)
  6 bats
  7 goblins
  4 kobolds
  9 rats
44 creatures vanquished.

Vanquished Creatures (others)
  A fungus (D:1)
  A plant (D:1)
  5 toadstools (D:1)
7 creatures vanquished.

Grand Total: 51 creatures vanquished

Notes
Turn   | Place    | Note
-------+----------+-------------------------------------------
     0 | D:1      | Dabor the Gargoyle Fighter began the quest for the Orb.
     0 | D:1      | Reached XP level 1. HP: 14/14 MP: 1/1
    23 | D:1      | Reached XP level 2. HP: 6/19 MP: 2/2
   347 | D:1      | Found a faded altar of an unknown god.
   793 | D:1      | Reached XP level 3. HP: 23/23 MP: 3/3
  1345 | D:2      | Reached XP level 4. HP: 23/29 MP: 4/4
  1724 | D:3      | Slain by an iguana

Illustrated notes

Levels and vault maps discovered:
D:1:      dpeg_arrival_tiny_f, layout_basic, shapermc_ecumenical_altar_gd,
          minmay_crystal_room, kennysheep_flooded_box, minmay_gold_behind_fungi
D:2:      layout_basic, nicolae_underground_beach
D:3:      layout_basic, nicolae_wu_jian_wuxing_cycle, nrook_mini_backslash,
          grunt_decor_arrowhead, uniq_crazy_yiuf_cottage

Skill      XL: |  1  2  3  4 |
---------------+-------------+-----
Armour         | 4 |  4.0
Shields        | 4 |  4.0
Fighting       | 4 |  4.0
Maces & Flails | |  2.9

Action                   |  1- 3 |  4- 6 || total
-------------------------+-------+-------++-------
Melee: Flail             |    99 |    20 ||   119
  Use: Scroll            |     1 |       ||     1
       Potion            |       |     3 ||     3
Armor: Scale mail        |    56 |    17 ||    73
Dodge: Dodged            |    33 |    17 ||    50
Block: Buckler           |    32 |     6 ||    38

Table legend: (Time is in decaauts)
 A = Elapsed time spent in this place.
 B = Non-inter-level travel time spent in this place.
 C = Inter-level travel time spent in this place.
 D = Time resting spent in this place.
 E = Time spent auto-exploring this place.
 F = Levels seen in this place.
 G = Mean time per level.
                   A        B        C        D        E       F      G
               +--------+--------+--------+--------+--------+-----+--------+
         Total |   1761 |   1726 |     35 |      0 |   1382 |   3 |  587.0 |
       Dungeon |   1761 |   1726 |     35 |      0 |   1382 |   3 |  587.0 |
               +--------+--------+--------+--------+--------+-----+--------+

Top non-repeatable levels by time:
     D:1: 1014 daAuts
     D:2: 680 daAuts
     D:3: 66 daAuts
